 Dungeon Crawl Stone Soup version 0.27-a0-650-g8dd3ea4f36 (webtiles) character file.

Game seed: 12782632974241812130

154 jasper the Slasher (level 5, -5/39 HPs)
             Began as a Mummy Warper on Mar 15, 2021.
             Was a Follower of Cheibriados.
             Slain by a phantom (6 damage)
             ... on level 3 of the Dungeon.
             The game lasted 00:06:11 (4032 turns).

jasper the Slasher (Mummy Warper)                   Turns: 4032, Time: 00:06:12

Health: -5/39      AC:  6    Str: 16    XL:     5   Next: 13%
Magic:  9/9        EV: 11    Int: 14    God:    Cheibriados [*.....]
Gold:   76         SH:  0    Dex: 15    Spells: 0/9 levels left

rFire    x . .     SeeInvis .   n - +0 short sword (freeze)
rCold    + . .     Faith    .   (no shield)
rNeg     + + +     Spirit   .   p - +0 ring mail
rPois    ∞         Reflect  .   (no helmet)
rElec    .         Harm     .   k - +0 cloak
rCorr    .         Rampage  .   (no gloves)
Will     .....                  (no boots)
Stlth    +.........             (no amulet)
HPRegen  0.13/turn              (no ring)
MPRegen  0.11/turn              (no ring)

@: about to teleport, very slow
A: cold resistance 1, negative energy resistance 3, torment resistance 2,
unbreathing 1, heat vulnerability 1, no potions
a: Renounce Religion, Bend Time


You were on level 3 of the Dungeon.
You worshipped Cheibriados.
Cheibriados was aware of your devotion.
You visited 1 branch of the dungeon, and saw 4 of its levels.

You collected 76 gold pieces.

Inventory:

Hand Weapons
 a - a +0 falchion
 m - a +0 dagger
 n - a +0 short sword of freezing (weapon)
Missiles
 c - 56 sling bullets
 e - 4 boomerangs of dispersal
 f - 20 poisoned darts (quivered)
 i - 36 arrows
 j - 24 bolts
Armour
 b - a +0 leather armour
 k - a +0 cloak (worn)
 p - a +0 ring mail (worn)
Jewellery
 q - a +6 ring of dexterity
Wands
 s - a wand of polymorph (4)
Scrolls
 g - 3 scrolls of teleportation
 h - 2 scrolls of fog {unknown}
 l - 6 scrolls of identify
 o - a scroll of enchant armour {unknown}
 r - 2 scrolls of immolation {unknown}


   Skills:
 + Level 2.4 Fighting
 + Level 3.4 Long Blades
 - Level 0.7 Throwing
 - Level 0.7 Armour
 + Level 2.0 Dodging
 - Level 2.6 Spellcasting
 * Level 2.9 Translocations
 - Level 1.0 Invocations


You couldn't memorise any spells.
You knew the following spells:

 Your Spells              Type           Power      Damage    Failure   Level
a - Blink                 Tloc           N/A        N/A       19%         2
b - Lesser Beckoning      Tloc           5%         N/A       36%         3
c - Teleport Other        Tloc           10%        N/A       36%         3
d - Apportation           Tloc           20%        N/A       13%         1

Your spell library contained the following spells:

 Spells                   Type           Power      Damage    Failure   Level
 Gell's Gravitas          Tloc           5%         N/A       36%         3
 Animate Skeleton         Necr           2%         N/A       38%         1
 Corona                   Hex            1%         N/A       38%         1
 Summon Small Mammal      Summ           4%         N/A       38%         1
 Manifold Assault         Tloc           10%        N/A       77%         4


Dungeon Overview and Level Annotations

Branches:
Dungeon (4/15)
 Temple: D:4-7

Altars:
Cheibriados
Gozag
Hepliaklqana
Makhleb
Okawaru

Annotations:
D:2 2 transporters


Innate Abilities, Weirdness & Mutations

You are immune to poison.
Your flesh is cold resistant. (rC+)
You are immune to negative energy. (rN+++)
You are immune to unholy pain and torment.
You can survive without breathing.
You are vulnerable to heat. (rF-)
You do not drink.


Message History

The phantom is lightly damaged.
The phantom hits you!
The phantom blinks!
You blink.
You take 8 damage, and have 18/39 hp.
MASSIVE DAMAGE!!
You can't drink.
Blink to where?
Press: ? - help, Dir - move target
As you read the scroll of blinking, it crumbles to dust.
The phantom hits you.
The phantom blinks!
You blink.
You take 2 damage, and have 16/39 hp.
The phantom hits you. The phantom hits you.
There is a stone staircase leading up here.
You take 3 damage, and have 13/39 hp.
The phantom hits you.
You climb upwards.
There is a stone staircase leading down here.
You take 1 damage, and have 12/39 hp.
You closely miss the phantom.
The phantom is lightly damaged.
The phantom hits you.
* * * LOW HITPOINT WARNING * * *
You take 5 damage, and have 7/39 hp.
You can't drink.
That's the wrong kind of item! (Use * to select it.) Evoke which item? (* to show all) (? for menu, Esc to quit)
Okay, then.
The phantom hits you.
* * * LOW HITPOINT WARNING * * *
The phantom blinks!
You blink.
You take 5 damage, and have 2/39 hp.
The phantom hits you but does no damage.
As you read the scroll labelled ESUNUN XOAKOHO, it crumbles to dust.
It is a scroll of identify.
g - 4 scrolls of teleportation The phantom hits you.
* * * LOW HITPOINT WARNING * * *
You take 2 damage, and have 1/39 hp.
As you read the scroll of teleportation, it crumbles to dust.
You feel strangely unstable. The phantom hits you.
You die...

# #.......# ##...<...##
##. # ####.#### ##.....##
## # #.# ##...## #
##.###########+## #
#..............# #####
###
#..##..######..####...#
..# #..##..#
#............# #.#
#..##..###.##...###...#
#.#
#......W@..#.....##.#.##
#.#
#.###..######...##.###.##
#.# #.###..# #..##.##
##.. ..#
#.....>######..###.###.##
### ######...§.....#
##.#.## #########.# ##.##
#.# ### #.# #)#


You could see a phantom.

Vanquished Creatures
  An orc wizard (D:3)
  6 adders
  A worm (D:3)
  A dart slug (D:1)
  2 leopard geckos (D:2)
  4 orcs (D:3)
  2 giant cockroaches
  10 goblins
  4 hobgoblins
  9 jackals
  3 quokkas
  2 bats
  A frilled lizard (D:2)
  9 kobolds
  11 rats
66 creatures vanquished.

Vanquished Creatures (others)
  6 plants (D:1)
6 creatures vanquished.

Grand Total: 72 creatures vanquished

Notes
Turn   | Place    | Note
-------+----------+-------------------------------------------
     0 | D:1      | jasper the Mummy Warper began the quest for the Orb.
     0 | D:1      | Reached XP level 1. HP: 16/16 MP: 4/4
    49 | D:1      | Reached skill level 2 in Long Blades
   151 | D:1      | Reached XP level 2. HP: 22/22 MP: 5/5
   154 | D:1      | Learned a level 2 spell: Blink
   985 | D:2      | Found a transporter.
   986 | D:2      | Noticed a killer bee
   989 | D:2      | Found a transporter.
   999 | D:2      | Reached XP level 3. HP: 27/27 MP: 7/7
  1003 | D:2      | Reached skill level 3 in Long Blades
  1198 | D:2      | Found a snail-covered altar of Cheibriados.
  1273 | D:2      | Found a hazy altar of Hepliaklqana.
  1273 | D:2      | Found an opulent altar of Gozag.
  1320 | D:2      | Became a worshipper of Cheibriados the Contemplative
  1419 | D:2      | Reached XP level 4. HP: 7/33 MP: 8/8
  2028 | D:2      | Reached skill level 1 in Invocations
  2123 | D:2      | Found a burning altar of Makhleb.
  2919 | D:3      | Reached * piety under Cheibriados
  3030 | D:3      | Reached XP level 5. HP: 39/39 MP: 9/9
  3127 | D:3      | Found an iron altar of Okawaru.
  3341 | D:3      | Learned a level 3 spell: Lesser Beckoning
  3345 | D:3      | Learned a level 3 spell: Teleport Other
  3472 | D:3      | Learned a level 1 spell: Apportation
  3997 | D:4      | Noticed a phantom
  4031 | D:3      | HP: 1/39 [phantom (2)]
  4032 | D:3      | Slain by a phantom

Illustrated notes

Levels and vault maps discovered:
D:1:      eino_arrival_water_cross, layout_rooms
D:2:      layout_basic, cheibriados_altar_1, gammafunk_temple_overflow_arena,
          gammafunk_temple_overflow_statue
D:3:      layout_loops_corners, marbit_many_paths, minmay_misc_feat_roman
D:4:      layout_basic, lemuel_temple_firewalk_b, uniq_robin

Skill      XL: |  1  2  3  4 |
---------------+-------------+-----
Long Blades    | 2 3 |  3.4
Invocations    | 1 |  1.0
Dodging        | 2 |  2.0
Fighting       | |  2.4
Throwing       | |  0.7
Armour         | |  0.7
Spellcasting   | |  2.6
Translocations | |  2.9

Action                   |  1- 3 |  4- 6 || total
-------------------------+-------+-------++-------
Melee: Falchion          |    31 |       ||    31
       Short sword       |    48 |    99 ||   147
Throw: Dart              |    41 |    59 ||   100
       Boomerang         |     1 |       ||     1
  Use: Scroll            |       |     3 ||     3
Armor: Leather armour    |    23 |     3 ||    26
       Ring mail         |       |    35 ||    35
Dodge: Dodged            |    44 |    64 ||   108
       Rpst.: Falchion   |     6 |       ||     6

Table legend: (Time is in decaauts)
 A = Elapsed time spent in this place.
 B = Non-inter-level travel time spent in this place.
 C = Inter-level travel time spent in this place.
 D = Time resting spent in this place.
 E = Time spent auto-exploring this place.
 F = Levels seen in this place.
 G = Mean time per level.
                   A        B        C        D        E       F      G
               +--------+--------+--------+--------+--------+-----+--------+
         Total |   4585 |   4377 |    208 |    254 |   3481 |   4 | 1146.2 |
       Dungeon |   4585 |   4377 |    208 |    254 |   3481 |   4 | 1146.2 |
               +--------+--------+--------+--------+--------+-----+--------+

Top non-repeatable levels by time:
     D:2: 1833 daAuts
     D:3: 1794 daAuts
     D:1: 897 daAuts
     D:4: 59 daAuts
